 Dungeon Crawl Stone Soup version 0.29.0-4-gdea44cf6ec (webtiles) character file.

Game seed: 478120837344838018

35 qw the Sneak (level 3, -4/17 HPs)
             Began as a Felid Delver on Aug 27, 2022.
             Slain by a gnoll sergeant
             ... wielding a +4 spear of flaming
              (5 damage)
             ... on level 4 of the Dungeon.
             The game lasted 00:00:00 (142 turns).

qw the Sneak (Felid Delver)                          Turns: 142, Time: 00:00:00

Health: -4/17      AC:  1    Str:  8    XL:     3   Next: 16%
Magic:  4/4        EV: 18    Int: 11    God:
Gold:   0          SH:  0    Dex: 19    Spells: 2/2 levels left
                                        Lives:  0   Deaths: 0

rFire   . . .      SeeInvis +     - Unarmed
rCold   . . .      Faith    .   (shield unavailable)
rNeg    . . .      Spirit   .   (body armour unavailable)
rPois   .          Reflect  .   (helmet unavailable)
rElec   .          Harm     .   (cloak unavailable)
rCorr   .          Rampage  .   (gloves unavailable)
Will    .....                   (boots unavailable)
Stlth   ++++......              (no amulet)
HPRegen 0.05/turn               (no ring)
MPRegen 0.09/turn               (no ring)

@: quick
A: very small, claws 1, fangs 3, see invisible, speed 1, shaggy fur 1, stealthy
paws, no weapons or thrown items, no armour, multi-lived
a: no special abilities


You were on level 4 of the Dungeon.
You visited 1 branch of the dungeon, and saw 2 of its levels.


Innate Abilities, Weirdness & Mutations

You have sharp claws.
You have razor-sharp teeth.
You have supernaturally acute eyesight. (SInv)
You cover ground quickly. (Speed+)
You are covered in fur. (AC +1)
Your paws help you pounce on unaware monsters.
You are incapable of wielding weapons or throwing items.
You cannot wear armour.
You gain extra lives every three experience levels.


   Skills:
 - Level 3.0 Fighting
 - Level 3.1 Dodging
 - Level 6.6 Stealth
 + Level 3.4 Unarmed Combat


You had 2 spell levels left.
You didn't know any spells.
Your spell library was empty.

Inventory:

Wands
 e - a wand of digging (3)
Potions
 d - a potion of haste

Dungeon Overview and Level Annotations

Branches:
Dungeon (5/15)
 Temple: D:4-7

Altars:


Message History

You claw the gnoll!
The gnoll is almost dead.
The quokka closely misses you. The gnoll barely misses you.
You closely miss the gnoll.
The gnoll is almost dead.
The quokka bites you. The quokka completely misses you.
The gnoll hits you with a +0 club.
You scratch the gnoll.
The gnoll is almost dead.
The quokka closely misses you.
You scratch the gnoll.
You kill the gnoll!
The quokka barely misses you.
Your Dodging skill increases to level 3!
You have reached level 3!
Your experience leads to an increase in your attributes!
Increase (S)trength, (I)ntelligence, or (D)exterity?
You feel agile. x2
You barely miss the quokka. The quokka bites you.
You scratch the quokka.
The quokka is heavily wounded.
The quokka closely misses you.
You closely miss the quokka.
The quokka is heavily wounded.
The quokka closely misses you.
You scratch the quokka.
You kill the quokka!
You start resting.
A gnoll sergeant comes into view. It is wielding a +4 spear of flaming.
Found 2 sedimented cyan potions and a pair of gloves.
You see here a quokka corpse.
The gnoll sergeant shouts!
You scratch the gnoll sergeant. You bite the gnoll sergeant.
The gnoll sergeant is moderately wounded.
You hear a shout!
The gnoll sergeant hits you with a +4 spear of flaming!
Ouch! That really hurt!
The gnoll sergeant burns you.
You die...

##########
#>.....gg.
#)#######.
#.#
...####%#####
....!.g@....#
[#.####.###.#
#.# #.. #..
##.# .# .#


You could see a gnoll sergeant.

Vanquished Creatures
  Natasha (D:4)
  A gnoll (D:4)
  A quokka (D:4)
3 creatures vanquished.

Notes
Turn   | Place    | Note
-------+----------+-------------------------------------------
     0 | D:5      | qw the Felid Delver began the quest for the Orb.
     0 | D:5      | Reached XP level 1. HP: 10/10 MP: 2/2
     0 | D:5      | 0 ||| qw: Version: 0.1-a-89-g26bdef1
     0 | D:5      | 0 ||| qw: Game counter: 83
     0 | D:5      | 0 ||| qw: Always use a shield: true
     0 | D:5      | 0 ||| qw: God list: Okawaru, Trog
     0 | D:5      | 0 ||| qw: Allow faded altars: false
     0 | D:5      | 0 ||| qw: Do Orc after D:15 true
     0 | D:5      | 0 ||| qw: Do second Lair branch before Depths: true
     0 | D:5      | 0 ||| qw: Lair rune preference: random
     0 | D:5      | 0 ||| qw: Plans: Normal
     0 | D:5      | 0 ||| PLANNING D:1-11
     0 | D:5      | 0 ||| DROPPING scroll of fog.
     1 | D:5      | 1 ||| DROPPING scroll of magic mapping.
     2 | D:5      | 2 ||| DROPPING scroll of fear.
    10 | D:4      | Noticed Natasha
    11 | D:4      | 11 ||| Stepping ~*~*~tactically~*~*~ (hiding).
    17 | D:4      | 17 ||| Stepping ~*~*~tactically~*~*~ (stealth).
    22 | D:4      | Noticed an iron imp
    22 | D:4      | Killed Natasha
    23 | D:4      | Reached skill level 3 in Unarmed Combat
    23 | D:4      | Reached XP level 2. HP: 14/14 MP: 3/3
    29 | D:4      | Reached skill level 3 in Dodging
    29 | D:4      | Reached XP level 3. HP: 11/17 MP: 4/4
   139 | D:4      | Noticed a gnoll sergeant
   142 | D:4      | HP: 1/17 [gnoll sergeant/+4 spear of flaming (11)]
   142 | D:4      | Slain by a gnoll sergeant

Levels and vault maps discovered:
D:4:      layout_loops_corners, grunt_temple_overflow_bloody_war, uniq_natasha
D:5:      layout_cave_pools, minmay_hedge_maze, minivault_5

Skill      XL: |  1  2 |
---------------+-------+-----
Unarmed Combat | 3 |  3.4
Dodging        | 3 |  3.1
Fighting       | |  3.0
Stealth        | |  6.6

Action                   || total
-------------------------++-------
Melee: Unarmed           ||    15
       Bite              ||     3
Dodge: Dodged            ||    12

Table legend:
 A = Non-vault XP
 B = Vault XP
 C = Vault XP percentage of total XP
 D = Non-vault monster count
 E = Vault monster count
 F = Vault count percentage of total count
                 A         B        C        D         E       F
            +---------+---------+-------+---------+---------+-------
      Total |      15 |      35 |  70.0 |       2 |       1 |  33.3
            +---------+---------+-------+---------+---------+-------
        D:4 |      15 |      35 |  70.0 |       2 |       1 |  33.3
            +---------+---------+-------+---------+---------+-------
